 Dungeon Crawl Stone Soup version 0.32-a0-870-g877066f4b4 (console) character file.

Game seed: 7181399243595853464

2007537 grothendieck the End of an Era (level 27, 273/273 HPs)
             Began as a Mountain Dwarf Artificer on Mar 29, 2024.
             Was the Champion of Qazlal.
             Escaped with the Orb
             ... and 4 runes on Apr 4, 2024!
             The game lasted 12:09:10 (95983 turns).

grothendieck the End of an Era (MDAr)              Turns: 95983, Time: 12:09:11

Health: 273/273    AC: 41    Str: 27 (29) XL:     27
Magic:  45/45      EV: 20    Int: 10      God:    Qazlal [******]
Gold:   8000       SH: 34    Dex: 16      Spells: 23/38 levels left

rFire   + + +        a - +9 broad axe (freeze)
rCold   + . .        p - +3 tower shield {AC+3}
rNeg    + + +        T - +0 gold dragon scales
rPois   +            J - +2 helmet {SInv}
rElec   +            A - +0 cloak of Wariness {Rampage rF++ Will+ Str-5}
rCorr   .            l - +2 pair of gloves of the Moon Troll {Dex+6}
SInv    +            u - +2 pair of boots
Will    +++..        Y - amulet of Zin's Hope {Regen+ RegenMP+ MP+9} Stlth
                     d - ring of the Shining Light {rElec rF+ rN+++ Str+4 Dex-3}
HPRegen 1.45/turn    x - ring of the Hare {EV+10}
MPRegen 0.69/turn

%: repel missiles, rampage
@: studying 3 skills
A: runic magic, artefact enchanting, agile 1, deterioration 1, dopey 1, low MP
1, strong 1
0: Orb of Zot
}: 4/15 runes: decaying, serpentine, slimy, silver
a: Renounce Religion, Upheaval, Elemental Force, Disaster Area


You escaped.
You worshipped Qazlal.
Qazlal was exalted by your worship.
You visited 12 branches of the dungeon, and saw 56 of its levels.
You also visited: Bailey, Ice Cave and Volcano.

You collected 11097 gold pieces.
You spent 3095 gold pieces at shops.
You donated 2 gold pieces to Zin.

Inventory:

Hand Weapons
 a - a +9 broad axe of freezing (weapon)
Missiles
 z - 34 javelins
 K - 20 curare-tipped darts {!f}
 Q - 18 silver javelins (quivered)
 X - 16 throwing nets {!f}
Armour
 e - the +4 scale mail of Duty {rElec rC+ Regen+ Str-5 Stlth+}
   (You bought it in a shop on level 2 of the Orcish Mines)

   Str-5:     It affects your strength (-5).
   rC+:       It protects you from cold.
   rElec:     It insulates you from electricity.
   Regen+:    It increases your rate of health regeneration.
   Stlth+:    It makes you more stealthy.
 l - the +2 pair of gloves of the Moon Troll (worn) {Dex+6}
   (You found it on level 4 of the Vaults)

   Dex+6:     It affects your dexterity (+6).
 p - a +3 tower shield of protection (worn)
 u - a +2 pair of boots (worn)
 A - the +0 cloak of Wariness (worn) {Rampage rF++ Will+ Str-5}
   (You found it on level 5 of the Vaults)

   Str-5:     It affects your strength (-5).
   rF++:      It greatly protects you from fire.
   Will+:     It increases your willpower.
   Rampage:   It bestows one free step when moving towards enemies.
 J - a +2 helmet of see invisible (worn)
 T - +0 gold dragon scales (worn)
 Z - the +2 cloak "Asenyfei" {rPois rN+ Regen+}
   (You found it on level 3 of the Crypt)

   rPois:     It protects you from poison.
   rN+:       It protects you from negative energy.
   Regen+:    It increases your rate of health regeneration.
Jewellery
 b - the ring "Ynucs" {+Blink rC+++ Int+6 Slay-2 SInv}
   (You found it on level 1 of the Lair of Beasts)

   [ring of intelligence]

   Int+6:     It affects your intelligence (+6).
   Slay-2:    It affects your accuracy & damage with ranged weapons and melee
   (-2).
   rC+++:     It renders you almost immune to cold.
   SInv:      It lets you see invisible.
   +Blink:    It lets you blink.
 d - the ring of the Shining Light (left hand) {rElec rF+ rN+++ Str+4 Dex-3}
   (You found it on level 6 of the Dungeon)

   [ring of protection from fire]

   Str+4:     It affects your strength (+4).
   Dex-3:     It affects your dexterity (-3).
   rF+:       It protects you from fire.
   rElec:     It insulates you from electricity.
   rN+++:     It renders you almost immune to negative energy.
 w - a ring of resist corrosion
 x - the ring of the Hare (right hand) {EV+10}
   (You found it on level 5 of the Pits of Slime)

   [ring of evasion]

   EV+10:     It affects your evasion (+10).
 N - the ring of Voqux {rElec Will+}
   (You bought it in a shop on level 2 of the Dungeon)

   [ring of willpower]

   rElec:     It insulates you from electricity.
   Will+:     It increases your willpower.
 W - a ring of flight
 Y - the amulet of Zin's Hope (around neck) {Regen+ RegenMP+ MP+9}
   (You found it on level 3 of the Crypt)

   [amulet of magic regeneration]

   It increases your rate of magic regeneration.
   MP+9:      It affects your magic capacity (+9).
   Regen+:    It increases your rate of health regeneration.
   RegenMP+:  It increases your rate of magic regeneration.
Wands
 q - a wand of digging (31)
 y - a wand of light (53)
 O - a wand of iceblast (48)
 V - a wand of paralysis (68)
Scrolls
 f - 4 scrolls of fear
 g - 6 scrolls of fog
 i - 4 scrolls of immolation {!r}
 t - 25 scrolls of teleportation
 v - 11 scrolls of vulnerability {!r}
 B - 9 scrolls of blinking
 R - a scroll of revelation
 S - 4 scrolls of silence
Potions
 c - 23 potions of curing
 h - 20 potions of heal wounds
 j - 5 potions of resistance
 k - 6 potions of berserk rage
 m - 8 potions of might
 n - 7 potions of attraction {!q}
 o - 2 potions of ambrosia
 C - 12 potions of cancellation
 F - 5 potions of enlightenment
 G - 7 potions of magic
 H - 6 potions of haste
 I - 5 potions of invisibility
 L - 12 potions of lignification {!q}
 M - 19 potions of mutation {!q}
Miscellaneous
 r - a Gell's gravitambourine (2/2)
 D - a lightning rod (4/4)
 E - a sack of spiders
 U - a phantom mirror


   Skills:
 O Level 27 Fighting
 + Level 16.7(18.3) Axes
 - Level 12.4(16.2) Maces & Flails
 - Level 6.0 Throwing
 + Level 22.7 Armour
 + Level 9.3 Dodging
 - Level 0.6 Stealth
 + Level 24.0 Shields
 - Level 6.0 Spellcasting
 + Level 12.2 Translocations
 - Level 10.0 Air Magic
 - Level 9.0 Earth Magic
 O Level 27 Invocations
 - Level 10.0 Evocations


You had 23 spell levels left.
You knew the following spells:

 Your Spells              Type           Power      Damage    Failure   Level
a - Apportation           Tloc           54%        N/A       1%          1
b - Blink                 Tloc           54%        N/A       1%          2
l - Lesser Beckoning      Tloc           54%        N/A       1%          2
s - Swiftness             Air            23%        N/A       2%          3
v - Vhi's Electric Charg  Tloc/Air       50%        N/A       4%          4
w - Passwall              Erth           21%        N/A       3%          3

Your spell library contained the following spells:

 Spells                   Type           Power      Damage    Failure   Level
 Momentum Strike          Conj/Tloc      30%        3d8       5%          2
 Airstrike                Air            11%        2d(2-18)  7%          4
 Static Discharge         Conj/Air       26%        3-5/arc   9%          2
 Volatile Blastmotes      Fire/Tloc      30%        2d12      11%         3
 Cigotuvi's Dreadful Rot  Necr/Alch/Air  18%        N/A       17%         2
 Lee's Rapid Deconstruct  Erth           10%        3d8*      30%         5
 Mephitic Cloud           Conj/Alch/Air  9%         N/A       34%         3
 Iskenderun's Mystic Bla Conj/Tloc 15%            2d5        (+2d2     34%         4
 Freeze                   Ice            12%        1d3       41%         1
 Kiss of Death            Conj/Necr      12%        2d6       41%         1
 Magic Dart               Conj           12%        1d3       41%         1
 Necrotise                Necr           12%        1d4       41%         1
 Slow                     Hex            12%        N/A       41%         1
 Summon Small Mammal      Summ           12%        N/A       41%         1
 Dispersal                Tloc           13%        N/A       41%         6
 Gell's Gavotte           Tloc           13%        2d(17-25) 41%         6
 Summon Lightning Spire   Summ/Air       13%        N/A       50%         4
 Call Imp                 Summ           6%         N/A       54%         2
 Ensorcelled Hibernation  Hex/Ice        6%         N/A       54%         2
 Jinxbite                 Hex            6%         N/A       54%         2
 Scorch                   Fire           6%         2d5       54%         2
 Sublimation of Blood     Necr           3%         N/A       54%         2
 Brom's Barrelling Bould  Conj/Erth      12%        2d4       56%         4
 Leda's Liquefaction      Alch/Erth      6%         N/A       56%         4
 Petrify                  Alch/Erth      12%        N/A       56%         4
 Call Canine Familiar     Summ           3%         N/A       78%         3
 Confusing Touch          Hex            3%         N/A       78%         3
 Dazzling Flash           Conj/Hex       6%         N/A       78%         3
 Frozen Ramparts          Ice            6%         1d1       78%         3
 Fugue of the Fallen      Necr           3%         N/A       78%         3
 Inner Flame              Hex/Fire       3%         N/A       78%         3
 Ozocubu's Armour         Ice            3%         N/A       78%         3
 Sigil of Binding         Hex            3%         N/A       78%         3
 Summon Ice Beast         Ice/Summ       3%         N/A       78%         3
 Vampiric Draining        Necr           3%         2d6       78%         3
 Arcjolt                  Conj/Air       6%         1d16      83%         5
 Silence                  Hex/Air        6%         N/A       83%         5
 Borgnjor's Vile Clutch   Necr/Erth      6%         N/A       88%         5
 Manifold Assault         Tloc           13%        N/A       94%         7
 Freezing Cloud           Conj/Ice/Air   4%         6-21      97%         5
 Animate Dead             Necr           3%         N/A       99%         4
 Dispel Undead            Necr           3%         3d7       99%         4
 Flame Wave               Conj/Fire      3%         2d5       99%         4
 Fulminant Prism          Conj/Alch      1%         3d5       99%         4
 Ignite Poison            Fire/Alch      3%         N/A       99%         4
 Martyr's Knell           Necr/Summ      3%         N/A       99%         4
 Olgreb's Toxic Radiance  Alch           3%         N/A       99%         4
 Summon Blazeheart Golem  Fire/Summ      3%         N/A       99%         4
 Alistair's Intoxication  Alch           2%         N/A       100%        5
 Curse of Agony           Necr           3%         N/A       100%        5
 Fireball                 Conj/Fire      1%         3d3       100%        5
 Irradiate                Conj/Alch      1%         3d12      100%        5
 Iskenderun's Battlesphe  Conj           3%         2d6       100%        5
 Metabolic Englaciation   Hex/Ice        1%         N/A       100%        5
 Summon Mana Viper        Hex/Summ       3%         N/A       100%        5
 Yara's Violent Unravell  Hex/Alch       1%         3d3       100%        5
 Conjure Ball Lightning   Conj/Air       6%         3x3d6     100%        6
 Death Channel            Necr           1%         N/A       100%        6
 Eringya's Noxious Bog    Alch           1%         4d6       100%        6
 Permafrost Eruption      Ice/Erth       6%         2x4d3     100%        6
 Plasma Beam              Fire/Air       6%         2x1d17    100%        6
 Sculpt Simulacrum        Ice/Alch       1%         N/A       100%        6
 Summon Cactus Giant      Summ           1%         N/A       100%        6
 Enfeeble                 Hex            1%         N/A       100%        7
 Malign Gateway           Summ/Tloc      7%         N/A       100%        7
 Orb of Destruction       Conj           1%         9d5       100%        7
 Ozocubu's Refrigeration  Ice            1%         4d7       100%        7
 Discord                  Hex            1%         N/A       100%        8
 Disjunction              Tloc           13%        N/A       100%        8
 Ignition                 Fire           1%         3d3       100%        8
 Infestation              Necr           1%         N/A       100%        8
 Lehudib's Crystal Spear  Conj/Erth      6%         10d3      100%        8
 Summon Horrible Things   Summ           1%         N/A       100%        8


Dungeon Overview and Level Annotations

Branches:
Dungeon (15/15)            Temple (1/1) D:6            Lair (5/5) D:11
  Swamp (4/4) Lair:2        Snake (4/4) Lair:3        Slime (5/5) Lair:4
    Orc (2/2) D:10            Elf (3/3) Orc:2        Vaults (5/5) D:14
  Crypt (3/3) Vaults:2       Tomb (0/3) Crypt:3      Depths (4/4) D:15
    Zot (5/5) Depths:4     Bailey (visited)           IceCv (visited)
Volcano (visited)

Altars:
Ashenzari
Cheibriados
Dithmenos
Elyvilon
Fedhas
Gozag
Hepliaklqana
Kikubaaqudgha
Makhleb
Nemelex Xobeh
Okawaru
Qazlal
Ru
Sif Muna
Trog
Uskayaw
Vehumet
Wu Jian
Xom
Yredelemnul
Zin
The Shining One
Jiyva

Shops:
D:2 =!(?   D:9 =   D:11 (   Orc:2 [(*=   Elf:3 (   Vaults:1 [   Vaults:3 :
Crypt:2 **   Depths:3 ::=

Portals:
Hell: Depths:1 Depths:2 Depths:3 Depths:4
Abyss: Depths:2 Depths:3
Pandemonium: Depths:1 Depths:2
Ziggurat: Depths:2

Annotations:
Elf:3 Roxanne
Crypt:2 3 runed translucent doors, exclusions: 3 doors and obsidian statue, Opnirgha's ghost, veteran GrEE
Zot:1 2 transporters, exclusions: downstairs and obsidian statue
Zot:4 3 runed translucent doors, exclusion: 3 doors, Hakotaro's ghost, master OpCj; Macvoosm's ghost, legendary KoDe


Innate Abilities, Weirdness & Mutations

Your spellcasting is much less encumbered by armour.
You can use scrolls of enchantment on lesser artefacts.
You are agile. (Dex +4, Str/Int -1)
Your body sometimes deteriorates upon taking damage.
You are dopey. (Int -2)
Your magical capacity is low. (-10% MP)
Your muscles are strong. (Str +4, Int/Dex -1)


Message History

You begin to meditate on the wall.
You continue meditating on the rock. x2
You block the Orb Guardian's attack.
You finish merging with the rock.
There is a stone staircase leading up here.
You climb upwards.
There is a stone staircase leading down here.
(D) Dungeon (T) Temple (L) Lair (S) Swamp (P) Snake Pit (M) Slime Pits (O) Orcish Mines (E) Elven Halls (V) Vaults (C) Crypt (W) Tomb (U) Depths (H) Hell (Z) Zot
Where to? (Tab/Enter - D:1 @ (x,y), ? - help)
What level of the Dungeon? (default 1, ? - help)
An Orb Guardian comes into view.
You hit the Orb Guardian but do no damage.
The Orb Guardian is engulfed in freezing vapours.
You block the Orb Guardian's attack.
You open the Orb Guardian like a pillowcase!!!
You freeze the Orb Guardian.
The Orb Guardian is heavily wounded.
The Orb Guardian is engulfed in freezing vapours.
You block the Orb Guardian's attack.
You slice the Orb Guardian like a ripe choko!!!
You freeze the Orb Guardian!
You kill the Orb Guardian!
Qazlal accepts your kill.
There is an open door here.
There is a staircase leading out of the dungeon here.
As you read the scroll of summoning, it crumbles to dust.
Wisps of shadow whirl around you...
As you read the scroll of summoning, it crumbles to dust.
Wisps of shadow whirl around you...
As you read the scroll of summoning, it crumbles to dust.
Wisps of shadow whirl around you...
Your rat is engulfed in blazing flames.
You kill your rat!
Your rat's corpse dissolves into shadows!
As you read the scroll of summoning, it crumbles to dust.
Wisps of shadow whirl around you...
Your goblin is engulfed in a thunderstorm.
You kill your goblin!
Your goblin's corpse dissolves into shadows!
You have escaped!

.#..........#.......# #.#.
.##.........#.#....###########.#.
.#..........#.#................#.
....##..........#.##############.
.......#......#..................
..#.###########.#.###############
..#.............#................
..###############################
....# #.g..# ##.....## # ###.#
###.§#g# #..###..# # #.# #.'hg@b#
#.......# # #.# #.#JJ#h#
##.....## # ###.# #.#.h.g#
###'### # .##.#
#####.###########.######## .+..#
#........................# .####
#.##'#####.########.####.. .####
#.#...#..#'#..#####.###### .)..#
#.#...#.......##>.#.#..#.. ###.#
#.#...#...ß...###.#'#..#.# #
#.####.#...###...####.......#.#
#..........# ##### #.......#.#


You could see 2 friendly endoplasms, 3 friendly jackals, 2 friendly hobgoblins,
2 friendly goblins and a friendly bat (summoned).

Vanquished Creatures
  the Royal Jelly (Slime:5)
  3 dread liches
  3 ancient liches
  2 orbs of fire
  A juggernaut (Depths:3)
  Sojobo (Depths:2)
  Bai Suzhen (Depths:2)
  Vv (Crypt:2)
  6 curse toes
  Saint Roka (Orc:2)
  12 Killer Klowns
  Nikola (Vaults:3)
  2 bone dragons
  Norris (Vaults:3)
  6 golden dragons
  Jory (Vaults:3)
  A profane servitor (Crypt:3)
  3 electric golems
  Jorgrun (D:13)
  27 tentacled monstrosities
  27 Orb Guardians
  A walking earthen tome (Depths:4)
  4 deep elf blademasters
  4 liches
  18 acid blobs
  6 titans
  A deep elf master archer (Elf:3)
  10 quicksilver dragons
  8 sphinxes
  9 death cobs
  2 ancient champions
  Frances (D:13)
  13 shadow dragons
  4 tengu reavers
  8 storm dragons
  9 nagarajas
  10 azure jellies
  11 rockslimes
  5 protean progenitors
  2 fenstrider witches
  11 draconian knights
  A thorn hunter (Swamp:3)
  A revenant (Crypt:2)
  9 draconian monks
  22 vault wardens
  5 ghost moths
  9 deep elf sorcerers
  10 fire giants
  8 frost giants
  10 draconian scorchers
  6 deep elf elementalists
  A balrug (Depths:1)
  4 draconian shifters
  2 juggernaut zombies (Crypt:3)
  Louise (Swamp:4)
  9 ghouls (Crypt:3)
  10 draconian stormcallers
  3 curse skulls
  3 orc warlords
  2 cacodemons (Depths:1)
  2 spriggan defenders (Depths:2)
  A reaper (Depths:2)
  The ghost of Ecroc the Eclecticist, an adept DECj of Sif Muna (Depths:1)
  13 draconian annihilators
  4 formless jellyfish
  2 broodmothers (Zot:2)
  11 quicksilver oozes
  27 very ugly things
  8 ironbound thunderhulks
  4 vampire knights
  An ophan (Depths:3)
  24 ironbound preservers
  15 stone giants
  10 deep elf death magi
  6 deep elf demonologists
  12 green draconians
  18 white draconians
  5 war gargoyles
  11 deep elf annihilators
  2 eleionomae
  11 black draconians
  2 spark wasps (Depths:3)
  19 yellow draconians
  3 dire elephants
  17 purple draconians
  6 bunyips
  15 red draconians
  8 ettins
  The ghost of Viceroy the Basher, a journeyman FoFi of Qazlal (D:12)
  8 fire dragons
  9 eidola
  2 green deaths (Swamp:4)
  A mummy priest (Crypt:3)
  18 yaktaur captains
  3 entropy weavers
  10 jiangshi
  8 great orbs of eyes
  44 vault guards
  4 salamander tyrants
  7 deep elf high priests
  12 ice dragons
  5 rakshasas
  An entropy weaver (shapeshifter) (D:15)
  Harold (Orc:1)
  3 catoblepae
  2 spriggan air magi (Depths:3)
  Erolcha (Orc:2)
  16 ironbound frosthearts
  9 anacondas
  5 ogre magi
  4 spriggan zombies
  16 centaur warriors
  A peacekeeper (Vaults:3)
  9 alligators
  3 ghost crabs
  4 radroaches (Zot:1)
  4 death knights
  13 hydras
  Erica (D:9)
  23 two-headed ogres
  7 boulder beetles
  4 deep troll shamans
  43 dancing weapons
  4 deep troll earth magi
  Urug (Lair:4)
  A shock serpent (shapeshifter) (Depths:1)
  2 orc high priests (Orc:2)
  3 occultists
  5 vampire magi
  7 tengu warriors
  20 naga warriors
  7 shock serpents
  2 spriggan berserkers (Depths:4)
  A hell knight (Vaults:5)
  22 deep elf knights
  8 naga sharpshooters
  A sun demon (Depths:2)
  3 soul eaters
  A shadow wraith (Crypt:1)
  5 salamander mystics
  20 skeletal warriors
  5 iron trolls
  Amaemon (Lair:2)
  2 sixfirhies
  A bunyip zombie (Crypt:3)
  2 flayed ghosts
  58 deep trolls
  3 large abominations (Swamp:4)
  9 naga ritualists
  2 skysharks (Vaults:3)
  11 mana vipers
  3 glowing orange brains (shapeshifter)
  5 goliath frogs
  4 arcanists
  3 spriggan druids
  A shadow demon (Depths:2)
  2 deep trolls (shapeshifter)
  An orange crystal statue (IceCv)
  6 bog bodies
  10 swamp dragons
  5 glowing orange brains
  14 lindwurms
  12 orc knights
  26 phantasmal warriors
  2 steelbarb worms (shapeshifter) (Vaults:5)
  A thermic dynamo (Elf:3)
  An anaconda skeleton (Volcano)
  10 deep elf archers
  32 deep elf zephyrmancers
  An iron dragon zombie (Crypt:3)
  3 necromancers
  3 oklob plants (Lair:5)
  8 harpies
  An obsidian bat (Orc:2)
  A jorogumo zombie (Crypt:1)
  29 ironbound convokers
  2 wolf spiders (Crypt:3)
  4 orc sorcerers
  41 deep elf pyromancers
  Maurice (D:7)
  42 ugly things
  10 cyclopes
  5 manticores
  29 salamanders
  4 will-o-the-wisps
  A shadow dragon skeleton (Crypt:2)
  29 moths of wrath
  A cyclops (shapeshifter) (Elf:3)
  A manticore (shapeshifter) (Depths:1)
  8 shining eyes
  A moth of wrath (shapeshifter) (D:14)
  13 elephants
  3 meliai (D:15)
  7 eyes of devastation
  An alligator skeleton (Volcano)
  A black mamba (shapeshifter) (Elf:2)
  A toenail golem (Volcano)
  2 ice statues (D:12)
  2 smoke demons (Depths:1)
  A torpor snail (Lair:1)
  A centaur zombie (Crypt:3)
  28 vault sentinels
  5 gargoyles
  19 naga magi
  2 molten gargoyles
  2 kobold blastminers
  40 black mambas
  2 torpor snails (shapeshifter)
  2 naga zombies
  A water nymph (shapeshifter) (Vaults:1)
  2 orange demons
  7 guardian serpents
  Maggie (D:10)
  A purple draconian zombie (Crypt:1)
  12 rime drakes
  2 alligator snapping turtle zombies (Crypt:3)
  10 cane toads
  Jeremiah (D:9)
  19 freezing wraiths
  12 yaktaurs
  An efreet (D:14)
  2 spectral nagas (Snake:1)
  A catoblepas zombie (Crypt:2)
  9 komodo dragons
  A minotaur skeleton (Crypt:2)
  4 tengu conjurers
  6 trolls
  2 harpy zombies (Crypt:3)
  3 merfolk (Zot:2)
  9 polar bears
  10 tyrant leeches
  A great orb of eyes zombie (Crypt:1)
  7 hornets
  The ghost of hofbold the Trooper, an amateur CoFi (D:5)
  A hornet (shapeshifter) (Orc:2)
  A wind drake (shapeshifter) (Depths:1)
  2 harpy skeletons (Volcano)
  A glass eye (shapeshifter) (Vaults:1)
  A death drake skeleton (Crypt:2)
  5 blink frogs (Lair:4)
  4 glass eyes
  An ettin zombie (Crypt:3)
  A jumping spider zombie (Crypt:2)
  A tarantella zombie (Crypt:2)
  112 slime creatures
  5 jumping spiders
  A culicivora (Vaults:1)
  A jumping spider (shapeshifter) (Depths:1)
  3 air elementals
  A small abomination (Swamp:4)
  2 centaur simulacra
  12 spriggans
  A culicivora (shapeshifter) (Elf:2)
  11 water elementals
  5 shadows
  6 wyverns
  A slime creature (shapeshifter) (Depths:1)
  7 wraiths
  A vampire (D:11)
  2 ushabtiu (Crypt:3)
  49 yaks
  2 spriggans (shapeshifter) (Depths:1)
  4 fire elementals
  22 golden eyes
  A neqoxec (Zot:3)
  10 basilisks
  5 wargs
  4 redbacks
  5 steam dragons
  6 vampire mosquitoes
  69 nagas
  14 swamp worms
  16 water moccasins
  6 hydra simulacra (Depths:3)
  2 acid dragons
  Duvessa (D:7)
  4 hell hounds
  A swamp drake (Swamp:4)
  A snapping turtle zombie (Crypt:1)
  6 black bears
  23 laughing skulls
  34 orc warriors
  4 sky beasts
  3 ice beasts
  13 ogres
  6 wolves
  2 boggarts
  15 centaurs
  8 phantoms
  2 kobold brigands (D:7)
  A weeping skull (Volcano)
  3 earth elementals
  21 bullfrogs
  A water moccasin zombie (D:5)
  2 gnoll sergeants
  A scorpion (D:7)
  30 wights
  9 wyvern skeletons (Crypt:3)
  Dowan (D:7)
  8 killer bees (D:9)
  3 troll skeletons (Volcano)
  3 spriggan skeletons (Volcano)
  2 bombardier beetles
  4 howler monkeys
  An electric eel (D:15)
  5 lava snakes (Lair:5)
  4 quasits (D:5)
  9 jellies
  14 orc priests
  A human zombie (D:5)
  3 centaur skeletons
  3 hounds
  5 iguanas
  2 sleepcaps
  24 orc wizards
  A scorpion zombie (D:5)
  A hell rat (Elf:1)
  A statue (D:6)
  A killer bee zombie (D:5)
  A tengu zombie (Crypt:1)
  A naga skeleton (Volcano)
  8 ogre zombies (D:10)
  A hound zombie (D:5)
  2 boggart simulacra
  A mummy (Crypt:3)
  10 gnolls
  4 adders
  A howler monkey skeleton (Crypt:2)
  A steam dragon skeleton (Crypt:1)
  3 shadow imps (D:5)
  3 white imps
  2 lava snake skeletons
  2 ribbon worms
  A dart slug (D:4)
  63 orcs
  A bat zombie (Crypt:2)
  10 endoplasms
  3 giant cockroaches
  2 goblins
  7 hobgoblins
  6 jackals
  6 quokkas
  5 ball pythons
  A ball python zombie (Crypt:1)
  A frilled lizard (D:2)
  2 gnoll skeletons (D:10)
  5 gnoll zombies (D:10)
  A goblin skeleton (Crypt:1)
  23 kobolds
  A kobold skeleton (Crypt:1)
  3 orc skeletons (D:10)
  15 orc zombies (D:10)
  2 rats
  An aspiring flesh (Zot:2)
2632 creatures vanquished.

Vanquished Creatures (collateral kills)
  Donald (Orc:2)
  A fenstrider witch (Swamp:3)
  An ironbound preserver (Vaults:3)
  2 two-headed ogres (D:11)
  A swamp dragon (Swamp:4)
  An orc knight (Orc:2)
  An orc sorcerer (Orc:2)
  3 orc warriors (Orc:2)
11 creatures vanquished.

Vanquished Creatures (others)
  Mara (Vaults:3)
  A tentacled monstrosity (Zot:3)
  A green draconian (Zot:5)
  A white draconian (Zot:3)
  An occultist (Depths:3)
  3 deep elf knights (Elf:2)
  A deep troll (Vaults:3)
  A bloated husk (Swamp:4)
  A water elemental (Elf:1)
  A centaur simulacrum (D:14)
  A golden eye (Depths:3)
  2 nagas (Snake:4)
  12 foxfires
27 creatures vanquished.

Grand Total: 2670 creatures vanquished

Notes
Turn   | Place    | Note
-------+----------+-------------------------------------------
     0 | D:1      | grothendieck the Mountain Dwarf Artificer began the quest
                  | for the Orb.
     0 | D:1      | Reached XP level 1. HP: 16/16 MP: 1/1
   419 | D:1      | Reached XP level 2. HP: 22/25 MP: 2/2
  1124 | D:2      | Found Kol Mono's Distillery.
  1124 | D:2      | Found Gacehaf's Jewellery Shop.
  1137 | D:2      | Bought a potion of curing for 39 gold pieces
  1270 | D:2      | Found Afapn's Magic Scroll Shop.
  1278 | D:2      | Bought a scroll of identify for 22 gold pieces
  1500 | D:2      | Found Gauwkeg's Weapon Shoppe.
  1679 | D:2      | Found a faded altar of an unknown god.
  1969 | D:3      | Reached XP level 3. HP: 24/31 MP: 3/3
  2763 | D:4      | Noticed an ogre
  2824 | D:4      | Reached XP level 4. HP: 36/41 MP: 4/4
  2985 | D:5      | Entered Level 5 of the Dungeon
  2985 | D:5      | Noticed a phantom
  3161 | D:4      | Reached skill level 5 in Fighting
  3207 | D:4      | Found a stormy altar of Qazlal.
  3208 | D:4      | Found a glowing silver altar of Zin.
  3212 | D:4      | Found a hide-covered altar of Uskayaw.
  3219 | D:4      | Found a white marble altar of Elyvilon.
  3296 | D:4      | Reached XP level 5. HP: 48/48 MP: 5/5
  3359 | D:2      | Bought a +2 flail of draining for 201 gold pieces
  3654 | D:4      | Became a worshipper of Zin the Law-Giver
  3661 | D:4      | Fell from the grace of Zin
  3661 | D:4      | Became a worshipper of Qazlal Stormbringer
  3750 | D:5      | Reached skill level 1 in Maces & Flails
  3751 | D:5      | Killed a phantom
  3860 | D:5      | Reached XP level 6. HP: 56/56 MP: 6/6
  3951 | D:5      | Reached skill level 5 in Maces & Flails
  4026 | D:4      | Reached XP level 7. HP: 58/61 MP: 7/7
  4265 | D:4      | Reached * piety under Qazlal
  4476 | D:4      | Found a shadowy altar of Dithmenos.
  4627 | D:5      | Found a transporter.
  4865 | D:5      | Found a transporter.
  4886 | D:5      | Noticed hofbold's ghost (amateur CoFi)
  5342 | D:5      | Reached XP level 8. HP: 64/70 MP: 8/8
  5371 | D:5      | Found an ancient bone altar of Kikubaaqudgha.
  5442 | D:6      | Identified the ring of the Shining Light {rElec rF+ rN+++
                  | Str+4 Dex-3}
  5450 | D:6      | Found a staircase to the Ecumenical Temple.
  5489 | Temple   | Entered the Ecumenical Temple
  5778 | D:5      | Reached skill level 10 in Maces & Flails
  6326 | D:6      | Found a shimmering blue altar of Sif Muna.
  6536 | D:6      | Reached ** piety under Qazlal
  6649 | D:6      | Found a radiant altar of Vehumet.
  6674 | D:7      | Found a flagged portal.
  6862 | D:6      | Reached skill level 1 in Invocations
  6935 | D:6      | Reached XP level 9. HP: 29/75 MP: 8/10
  7182 | Bailey   | Entered a bailey
  7686 | D:7      | Noticed Dowan
  7828 | D:7      | Noticed a deep elf pyromancer
  7909 | D:7      | Killed a deep elf pyromancer
  7915 | D:7      | Noticed Maurice
  7918 | D:7      | Maurice stole a ring of magical power
  7919 | D:7      | Maurice stole 132 gold
  7924 | D:7      | Killed Maurice
  8097 | D:7      | Noticed a komodo dragon
  8122 | D:7      | Killed a komodo dragon
  8358 | D:7      | Noticed Duvessa
  8367 | D:7      | Killed Duvessa
  8396 | D:7      | Killed Dowan
  8460 | D:7      | Reached XP level 10. HP: 51/88 MP: 15/17
  8824 | D:7      | Reached skill level 10 in Invocations
  8832 | D:7      | Got the Precepts of Associated Gusts
  9448 | D:8      | Reached skill level 1 in Shields
  9786 | D:8      | Found an ornate altar of the Wu Jian Council.
  9789 | D:8      | Found a sacrificial altar of Ru.
  9995 | D:8      | Reached skill level 1 in Axes
 10126 | D:8      | Found a broken altar of Ashenzari.
 10789 | D:8      | Reached skill level 5 in Axes
 11053 | D:9      | Noticed Erica
 11107 | D:9      | Killed Erica
 11108 | D:9      | Reached XP level 11. HP: 97/97 MP: 11/18
 11187 | D:9      | Found Wubba Hej's Jewellery Emporium.
 11251 | D:9      | Noticed Jeremiah
 11684 | D:10     | Entered Level 10 of the Dungeon
 12017 | D:9      | Found a basalt altar of Yredelemnul.
 12017 | D:9      | Found a snail-covered altar of Cheibriados.
 12129 | D:9      | Reached *** piety under Qazlal
 12273 | D:9      | Noticed a two-headed ogre
 12289 | D:9      | Killed a two-headed ogre
 12420 | D:10     | Noticed Maggie
 12431 | D:10     | Killed Maggie
 12597 | D:10     | Reached skill level 5 in Shields
 12785 | D:10     | Noticed a lindwurm
 12876 | D:10     | Noticed a lindwurm
 12881 | D:10     | Noticed a lindwurm
 12997 | D:10     | You fall into a shaft and drop 1 floor!
 13008 | D:11     | Reached skill level 5 in Armour
 13071 | D:11     | Noticed a two-headed ogre
 13091 | D:11     | Killed a two-headed ogre
 13092 | D:11     | Reached skill level 10 in Fighting
 13121 | D:11     | Found Bacligg's Weapon Shoppe.
 13196 | D:10     | Found a staircase to the Orcish Mines.
 13412 | D:10     | Reached **** piety under Qazlal
 13611 | D:10     | Found a hazy altar of Hepliaklqana.
 13612 | D:10     | Found a shimmering altar of Xom.
 13870 | D:10     | Noticed a lindwurm
 13915 | D:11     | Noticed a two-headed ogre
 13972 | D:11     | Found a staircase to the Lair.
 14101 | D:11     | Killed a two-headed ogre
 14319 | D:11     | Noticed a boulder beetle
 14329 | D:11     | Killed a boulder beetle
 14426 | D:11     | Noticed a boulder beetle
 14441 | D:11     | Killed a boulder beetle
 14442 | D:11     | Reached XP level 12. HP: 106/106 MP: 19/19
 14469 | D:11     | Noticed a boulder beetle
 14650 | D:11     | Found an iron altar of Okawaru.
 14735 | D:11     | Reached skill level 10 in Axes
 14755 | D:11     | Killed a boulder beetle
 15071 | Lair:1   | Entered Level 1 of the Lair of Beasts
 15886 | Lair:1   | Identified the ring "Ynucs" {+Blink rC+++ Int+6 Slay-2
                  | SInv}
 16392 | Lair:2   | Noticed Amaemon
 16430 | Lair:2   | Noticed a catoblepas
 16645 | Lair:2   | Found a staircase to the Swamp.
 16723 | Lair:1   | Reached skill level 5 in Evocations
 16947 | Lair:1   | Reached ***** piety under Qazlal
 16971 | Lair:2   | Killed a catoblepas
 16972 | Lair:2   | Reached skill level 10 in Shields
 16972 | Lair:2   | Reached XP level 13. HP: 107/115 MP: 20/20
 17021 | Lair:2   | Killed Amaemon
 17279 | Lair:2   | Found a basalt altar of Yredelemnul.
 17819 | Lair:3   | Found a staircase to the Snake Pit.
 17933 | Lair:3   | Found a dark tunnel.
 17945 | Volcano  | Entered a volcano
 20410 | Lair:4   | Noticed Urug
 20429 | Lair:4   | Killed Urug
 20813 | Lair:4   | Found a staircase to the Slime Pits.
 21175 | Lair:4   | Found a viscous altar of Jiyva.
 21582 | Lair:5   | Entered Level 5 of the Lair of Beasts
 21826 | Lair:5   | Found a radiant altar of Vehumet.
 22358 | Lair:5   | Reached XP level 14. HP: 122/125 MP: 22/22
 23402 | Lair:5   | Found a large runed translucent door.
 23403 | Lair:5   | Found a large runed translucent door.
 23851 | D:12     | Found a runed translucent door.
 23851 | D:12     | Noticed Viceroy's ghost (journeyman FoFi)
 24318 | D:12     | Reached skill level 15 in Axes
 24996 | D:13     | Noticed Frances
 25004 | D:13     | Killed Frances
 25699 | D:13     | Identified the +1 morningstar "Coerr" {pain, rF+ Str-3
                  | Int+6}
 25906 | D:13     | Noticed Jorgrun
 26037 | D:9      | Reached ****** piety under Qazlal
 26165 | D:9      | Killed Jeremiah
 26437 | D:5      | Killed hofbold's ghost
 26530 | D:2      | Bought a scroll of identify for 22 gold pieces
 26530 | D:2      | Bought a scroll of identify for 22 gold pieces
 26530 | D:2      | Bought a scroll of revelation for 82 gold pieces
 26530 | D:2      | Bought a scroll of amnesia for 44 gold pieces
 26590 | D:2      | Bought a potion of attraction for 39 gold pieces
 26590 | D:2      | Bought a potion of haste for 130 gold pieces
 26590 | D:2      | Bought a potion of mutation for 104 gold pieces
 26592 | D:2      | Bought a potion of berserk rage for 65 gold pieces
 26592 | D:2      | Bought a potion of invisibility for 104 gold pieces
 26595 | D:2      | Bought the ring of Voqux {rElec Will+} for 429 gold pieces
 26998 | Orc:1    | Entered Level 1 of the Orcish Mines
 27543 | Orc:2    | Entered Level 2 of the Orcish Mines
 27543 | Orc:2    | Found Ysted's Antique Weapon Shoppe.
 27546 | Orc:2    | Noticed Saint Roka
 27553 | Orc:1    | Reached XP level 15. HP: 98/134 MP: 12/23
 27643 | Orc:2    | Noticed Erolcha
 27654 | Orc:2    | Killed Saint Roka
 27791 | Orc:2    | Noticed Donald
 27792 | Orc:2    | Killed Erolcha
 27798 | Orc:2    | Killed Donald
 28707 | Orc:2    | Found Cadiu's Antique Armour Shop.
 28725 | Orc:2    | Found Ziwo's General Store.
 28726 | Orc:2    | Found Puclut's Jewellery Boutique.
 29126 | Orc:2    | Found a staircase to the Elven Halls.
 29301 | Orc:1    | Noticed Harold
 29309 | Orc:1    | Killed Harold
 29499 | Orc:2    | Bought an amulet of regeneration for 390 gold pieces
 30165 | D:14     | Reached skill level 15 in Shields
 30205 | D:14     | Found a sparkling altar of Nemelex Xobeh.
 30524 | D:14     | Found a gate to the Vaults.
 31161 | D:15     | Entered Level 15 of the Dungeon
 31236 | D:14     | Reached skill level 1 in Dodging
 31663 | D:14     | Reached skill level 10 in Armour
 31796 | D:15     | Reached XP level 16. HP: 143/146 MP: 25/25
 31932 | D:15     | Found a staircase to the Depths.
 32651 | D:15     | Learned a level 2 spell: Blink
 32654 | D:15     | Learned a level 2 spell: Lesser Beckoning
 32658 | D:15     | Learned a level 3 spell: Passwall
 32662 | D:15     | Learned a level 3 spell: Swiftness
 32889 | Snake:1  | Entered Level 1 of the Snake Pit
 33698 | Snake:1  | Identified the +1 leather armour of Rotuyh {Str+3 Int+5}
 34010 | Snake:2  | Found a transporter.
 34013 | Snake:2  | Found a transporter.
 34436 | Snake:2  | Found a transporter.
 34483 | Snake:2  | Reached skill level 15 in Fighting
 34574 | Snake:2  | Found a transporter.
 34931 | Snake:2  | Found a transporter.
 34932 | Snake:2  | Found a transporter.
 35234 | Snake:4  | Entered Level 4 of the Snake Pit
 36069 | Snake:3  | Reached XP level 17. HP: 149/156 MP: 28/28
 36274 | Snake:3  | Reached skill level 15 in Invocations
 36355 | Snake:3  | Reached skill level 10 in Evocations
 37357 | Swamp:1  | Entered Level 1 of the Swamp
 37502 | Swamp:1  | Found a glacial archway.
 37516 | IceCv    | Entered an ice cave
 38908 | IceCv    | Found the +4 skin of Zhor {*Englaciate rC+++ SInv}
 39664 | Swamp:1  | Identified the +0 chain mail of Compression {rN+ Str-5
                  | Dex+2}
 41014 | Swamp:3  | Reached XP level 18. HP: 157/166 MP: 26/30
 41409 | Swamp:4  | Entered Level 4 of the Swamp
 41548 | Swamp:4  | Reached skill level 1 in Throwing
 42035 | Swamp:4  | Noticed Louise
 42056 | Swamp:4  | Killed Louise
 42699 | Swamp:4  | Noticed a tentacled monstrosity
 42719 | Swamp:4  | Killed a tentacled monstrosity
 42836 | Swamp:4  | Got a decaying rune of Zot
 43407 | D:2      | Bought 2 potions of haste for 260 gold pieces
 43467 | D:2      | Bought a scroll of enchant weapon for 82 gold pieces
 43467 | D:2      | Bought a scroll of enchant weapon for 82 gold pieces
 43760 | D:12     | Killed Viceroy's ghost
 43904 | D:13     | Identified the +9 dagger of Woovo {venom, rF+ Will++ SInv}
 43931 | D:13     | Identified the +9 great sword "Pofag" {distort, rElec rPois
                  | Dex+3}
 43935 | D:13     | Identified the +10 spear "Musaom" {freeze, rF+ rN++ MP+9}
 43963 | D:13     | Killed Jorgrun
 44074 | D:13     | Found an iron altar of Okawaru.
 44091 | D:13     | Identified the +0 ring mail of the Bursted God {Str+3}
 44101 | D:13     | Identified the +10 whip of Dismemberment {spect, ^Fragile
                  | rN+ Str+4}
 44371 | Vaults:1 | Entered Level 1 of the Vaults
 44644 | Vaults:1 | Found Ylillou's Armour Shop.
 45665 | Vaults:1 | Reached XP level 19. HP: 152/177 MP: 31/31
 46039 | Vaults:1 | Reached skill level 5 in Throwing
 46883 | Vaults:1 | Identified the +0 great mace "Zower" {flame, *Rage rF++
                  | Will+ Str+3}
 47023 | Vaults:1 | Got Eclousal's Vellum of the Morgue
 47532 | Vaults:1 | Reached skill level 15 in Armour
 48665 | Vaults:2 | Found a staircase to the Crypt.
 49275 | Vaults:2 | Identified the scarf of Impermeability {repulsion, Harm rF+
                  | Dex-3}
 49965 | Vaults:3 | Noticed a Brimstone Fiend
 50075 | Vaults:3 | Noticed Norris
 50091 | Vaults:3 | Killed Norris
 50213 | Vaults:3 | Noticed Mara
 50513 | Vaults:3 | Reached XP level 20. HP: 189/189 MP: 33/33
 50814 | Vaults:3 | Noticed Nikola
 50822 | Vaults:3 | Killed Mara
 50826 | Vaults:3 | Killed Nikola
 50972 | Vaults:3 | Noticed Jory
 50982 | Vaults:3 | Killed Jory
 51073 | Vaults:3 | Reached skill level 5 in Dodging
 51409 | Vaults:3 | Found Odotyl's Book Emporium.
 51653 | Vaults:3 | Identified the +7 great sword of Gozag's Grace {distort,
                  | ^Drain Str+4 Int+3 Dex+2}
 52424 | Vaults:4 | Identified the +1 pair of gloves of the Moon Troll {Dex+6}
 52446 | Vaults:4 | Paralysed by a sphinx for 4 turns
 53091 | Elf:1    | Entered Level 1 of the Elven Halls
 53217 | Orc:2    | Paralysed by a hornet for 3 turns
 53230 | Orc:2    | Reached skill level 1 in Translocations
 54079 | Elf:1    | Reached XP level 21. HP: 199/199 MP: 35/35
 54395 | Elf:1    | Found a hide-covered altar of Uskayaw.
 55871 | Elf:2    | Found a runed translucent gate.
 55872 | Elf:2    | Found a runed translucent gate.
 55872 | Elf:2    | Found a runed translucent gate.
 56280 | Elf:3    | Entered Level 3 of the Elven Halls
 56280 | Elf:3    | Noticed Roxanne
 56562 | Elf:3    | Paralysed by an air elemental for 1 turns
 57693 | Elf:3    | Reached skill level 5 in Translocations
 57982 | Elf:3    | Found Xengem's Weapon Shop.
 58133 | Elf:3    | Identified the +4 quarterstaff "Ittukiva" {venom, Str+6}
 58218 | Elf:3    | Identified the ring of Kolutou {Fire rElec}
 58276 | Elf:3    | Identified a scroll of acquirement
 58278 | Elf:3    | Identified the +8 orcbow "Erazodgh" {heavy, *Slow rElec
                  | rN+++ Dex-5}
 58294 | Elf:3    | Identified the +3 dagger of Zituseh {heavy, MP+9}
 59131 | Elf:2    | Reached XP level 22. HP: 191/211 MP: 36/36
 59410 | Elf:2    | Acquired a manual of Invocations
 60662 | Orc:2    | Bought a scroll of enchant armour for 97 gold pieces
 60662 | Orc:2    | Bought a potion of heal wounds for 65 gold pieces
 60797 | Orc:2    | Bought 2 potions of lignification for 78 gold pieces
 61475 | Depths:1 | Entered Level 1 of the Depths
 61684 | Depths:1 | Found a one-way gate leading to the halls of Pandemonium.
 61743 | Depths:1 | Reached skill level 5 in Air Magic
 61743 | Depths:1 | Reached XP level 23. HP: 217/217 MP: 38/38
 62451 | Depths:2 | Identified the +0 leather armour "Viaraxy" {+Blink Will+
                  | Str-3}
 62517 | Depths:2 | Noticed Sojobo
 62588 | Depths:2 | Killed Sojobo
 62826 | Depths:2 | Found a one-way gateway to a ziggurat.
 62922 | Depths:2 | Reached skill level 1 in Earth Magic
 63368 | Depths:1 | Found a gateway to Hell.
 63375 | Depths:1 | Identified the +8 arbalest "Qiane" {elec, rC+ Str+3 Dex+3}
 63469 | Depths:1 | Found a runed translucent gate.
 63469 | Depths:1 | Found a runed translucent gate.
 63469 | Depths:1 | Found a runed translucent gate.
 63902 | Depths:1 | Found a runed translucent gate.
 63902 | Depths:1 | Found a runed translucent gate.
 63904 | Depths:1 | Noticed Ecroc's ghost (adept DECj)
 63908 | Depths:1 | Found a runed translucent gate.
 64121 | Depths:2 | Found a one-way gate to the infinite horrors of the Abyss.
 64237 | Depths:2 | Found a bloodstained altar of Trog.
 64714 | Depths:2 | Noticed Bai Suzhen
 64723 | Depths:2 | Killed Bai Suzhen
 65126 | Depths:3 | Found Piel's Book Boutique.
 65204 | Depths:3 | Found Kuxteqif's Jewellery Shoppe.
 65205 | Depths:3 | Found Ynigeogg's Book Boutique.
 65571 | Depths:3 | Noticed a juggernaut
 65585 | Depths:3 | Killed a juggernaut
 65692 | Depths:3 | Identified the +0 longbow of Ajol {freeze, Dex+4}
 66429 | Depths:4 | Entered Level 4 of the Depths
 66468 | Depths:4 | Reached skill level 5 in Earth Magic
 66641 | Depths:4 | Reached XP level 24. HP: 177/228 MP: 39/39
 67859 | Depths:4 | Found a gate to the Realm of Zot.
 68478 | Depths:3 | Bought a book of Lightning for 468 gold pieces
 68483 | Depths:3 | Learned a level 4 spell: Vhi's Electric Charge
 68995 | Snake:4  | Identified the +0 rapier of the Shoals {vamp, rElec rPois
                  | rC+++ Int-5}
 70293 | Snake:4  | Got a serpentine rune of Zot
 70717 | Crypt:1  | Entered Level 1 of the Crypt
 70958 | Crypt:2  | Noticed Vv
 72075 | Crypt:2  | Killed Vv
 72430 | Crypt:2  | Noticed Opnirgha's ghost (veteran GrEE)
 72431 | Crypt:2  | Found a runed translucent gate.
 72431 | Crypt:2  | Found an opulent altar of Gozag.
 72432 | Crypt:2  | Found a runed translucent gate.
 72434 | Crypt:2  | Found a runed translucent gate.
 72435 | Crypt:2  | Found Viprad's Assorted Antiques.
 72437 | Crypt:2  | Found Arakh's Assorted Antiques.
 72760 | Crypt:3  | Entered Level 3 of the Crypt
 73176 | Crypt:3  | Identified the +6 chain mail of Tomorrow {MP+9 Stlth+}
 73182 | Crypt:3  | Identified the staff of the Enchanting Vulture {rPois Conj
                  | Air}
 73798 | Crypt:3  | Reached XP level 25. HP: 240/240 MP: 40/40
 74484 | Crypt:3  | Found a staircase to the Tomb.
 74692 | Crypt:3  | Found a basalt altar of Yredelemnul.
 74884 | Crypt:3  | Identified the +7 hand axe "Vyluguibbi" {protect, rN+}
 74973 | Crypt:3  | Identified the +0 cloak "Asenyfei" {rPois rN+ Regen+}
 74978 | Crypt:3  | Identified the amulet of Zin's Hope {Regen+ RegenMP+ MP+9}
 74978 | Crypt:3  | Identified the ring "Kizap" {rN++ EV+5 Str+3}
 75099 | Crypt:3  | Identified the +3 sling of Puheu {heavy, rC+ rN++ Str+2
                  | Dex-2}
 75155 | Crypt:3  | Identified the +7 short sword "Bopyr" {vamp, rF- Will-
                  | Int+7 Dex+2}
 75171 | Crypt:3  | Found the +8 Vampire's Tooth {megavamp}
 75225 | Crypt:3  | Reached skill level 27 in Invocations
 75644 | Crypt:3  | Got the Quarto of Wicked Magic and Assaults
 75645 | Crypt:3  | Identified the blade talisman of Floral the Leaf {rC+
                  | Int+2}
 76200 | Orc:2    | Bought a shimmering scale mail for 270 gold pieces
 76200 | Orc:2    | Identified the +4 scale mail of Duty {rElec rC+ Regen+
                  | Str-5 Stlth+} (You bought it in a shop on level 2 of the
                  | Orcish Mines)
 76423 | Depths:1 | Killed Ecroc's ghost
 76452 | Depths:1 | Identified the +1 cloak of the Desert {+Blink Fly Dex-4
                  | Slay+5}
 76731 | Vaults:5 | Entered Level 5 of the Vaults
 76884 | Vaults:5 | Gained mutation: You occasionally lose the ability to read
                  | scrolls when taking damage. [a shining eye]
 76893 | Vaults:4 | Lost mutation: You occasionally lose the ability to read
                  | scrolls when taking damage. [potion of mutation]
 76893 | Vaults:4 | Gained mutation: You are agile. (Dex +4, Str/Int -1)
                  | [potion of mutation]
 76893 | Vaults:4 | Gained mutation: Your muscles are strong. (Str +4, Int/Dex
                  | -1) [potion of mutation]
 77289 | Vaults:5 | Identified the +5 chain mail of Igoitzas {Harm Rampage rF+
                  | Slay+3}
 77291 | Vaults:5 | Got a silver rune of Zot
 77329 | Vaults:5 | Identified the +11 orcbow "Loneu" {drain, Dex+2 Stlth+}
 77362 | Vaults:5 | Identified the dragon-blood talisman of Bempiv {+Blink rF+
                  | rC- Int+3}
 77752 | Vaults:5 | Identified the staff "Qunas" {^Fragile Fly rC+ Will+ Str+2
                  | Ice}
 78264 | Vaults:5 | Noticed a dread lich
 78287 | Vaults:5 | Paralysed by a dread lich for 3 turns
 78290 | Vaults:5 | Killed a dread lich
 78291 | Vaults:5 | Reached XP level 26. HP: 132/251 MP: 40/40
 78406 | Vaults:5 | Identified the +5 short sword of Xom, Inviting {spect, rN+}
 78409 | Vaults:5 | Identified the +0 leather armour of Experimentation
                  | {Slay+2}
 78414 | Vaults:5 | Identified the +0 scale mail of the Sandy God {*Corrode
                  | Str+2 Dex+4}
 78432 | Vaults:5 | Got the Elucidation of Erosion
 78434 | Vaults:5 | Identified the +0 cloak of Wariness {Rampage rF++ Will+
                  | Str-5}
 79048 | Slime:1  | Entered Level 1 of the Pits of Slime
 79111 | Slime:1  | Gained mutation: Your magical capacity is low. (-10% MP) [a
                  | shining eye]
 79116 | Lair:4   | Gained mutation: You are dopey. (Int -2) [a shining eye]
 79260 | Slime:2  | Reached skill level 5 in Spellcasting
 79597 | Slime:2  | Paralysed by a formless jellyfish for 1 turns
 80089 | Slime:4  | Reached skill level 10 in Translocations
 80360 | Slime:5  | Entered Level 5 of the Pits of Slime
 81286 | Slime:5  | Noticed the Royal Jelly
 81378 | Slime:5  | Killed the Royal Jelly
 81553 | Slime:5  | Found the ring of the Hare {EV+10}
 81602 | Slime:5  | Got a slimy rune of Zot
 81613 | Slime:5  | Identified the staff "Bauclydgh" {rF+ rCorr Fire}
 81615 | Slime:5  | Got Uheituel's Reference Book on Snow-white Distillation
 81627 | Slime:5  | Identified the +1 spear of Evil {flame, Int+2}
 81629 | Slime:5  | Identified the staff of Cyimix Qaist {rPois rC+ Str+8 Int-2
                  | Dex-3 Ice}
 81637 | Slime:5  | Identified the ring of Sin {^Contam +Blink rC+ Str+3 SInv}
 81850 | Slime:5  | Learned a level 1 spell: Apportation
 83193 | Zot:1    | Entered Level 1 of the Realm of Zot
 83731 | Zot:1    | You fall into a shaft and drop 1 floor!
 83883 | Zot:1    | Found a transporter.
 83906 | Zot:1    | Found a transporter.
 84612 | Zot:2    | Noticed an ancient lich
 84626 | Zot:2    | Killed an ancient lich
 85556 | Zot:2    | Reached XP level 27. HP: 260/264 MP: 36/36
 87844 | Zot:3    | Found a blossoming altar of Fedhas.
 89873 | Zot:4    | Found a runed translucent gate.
 89873 | Zot:4    | Found a runed translucent gate.
 89873 | Zot:4    | Found a runed translucent gate.
 89873 | Zot:4    | Found an ancient bone altar of Kikubaaqudgha.
 89873 | Zot:4    | Noticed Hakotaro's ghost (master OpCj)
 89875 | Zot:4    | Noticed an ancient lich
 89880 | Zot:4    | Noticed a dread lich
 89881 | Zot:4    | Noticed a dread lich
 89886 | Zot:4    | Noticed Macvoosm's ghost (legendary KoDe)
 90217 | Zot:1    | Reached skill level 10 in Air Magic
 90580 | Zot:5    | Entered Level 5 of the Realm of Zot
 92318 | Zot:5    | Noticed an ancient lich
 92338 | Zot:5    | Killed an ancient lich
 92801 | Zot:5    | Noticed an ancient lich
 92811 | Zot:5    | Killed an ancient lich
 93603 | Zot:5    | Noticed an orb of fire
 93653 | Zot:4    | Killed an orb of fire
 93873 | Zot:5    | Noticed a dread lich
 93902 | Zot:5    | Killed a dread lich
 94426 | Zot:5    | Reached skill level 27 in Fighting
 94579 | Zot:5    | Noticed a dread lich
 94607 | Zot:5    | Killed a dread lich
 94697 | Zot:5    | Noticed an orb of fire
 94709 | Zot:5    | Gained mutation: Your body sometimes deteriorates upon
                  | taking damage. [an orb of fire]
 94720 | Zot:5    | Killed an orb of fire
 95402 | Zot:5    | Got the Orb of Zot
 95650 | D:14     | Noticed Xahogu the pandemonium lord
 95983 | D:$      | Escaped with the Orb!

Illustrated notes

Levels and vault maps discovered:
D:1:      dpeg_arrival_renting, layout_basic, minmay_tetromino_s2
D:2:      layout_basic, serial_shops, shop_statue, nicolae_shop_rolling_square,
          shop, shop, shapermc_ecumenical_altar_mp_urbaneastern
D:3:      cheibrodos_fertilizer, layout_basic, minmay_checkerbox
D:4:      layout_loops_ring, nicolae_overflow_macrodata_refinement,
          grunt_dithmenos_smoke_and_mirrors, minmay_misc_feat_plants
D:5:      dreamdust_elfheim, layout_basic, lemuel_mausoleum_altar_kikubaaqudgha,
          gammafunk_ghost_stat_death, nicolae_titane
D:6:      layout_basic, nicolae_overflow_crystal_walls, vehumet_statue,
          minmay_temple_entry_sparse_star
D:7:      layout_basic, enter_bailey_2, guppyfry_early_elven_hall, uniq_maurice,
          uniq_duvessa
D:8:      layout_loops_ring, nicolae_overflow_hidden_temple, marbit_many_paths,
          hex_large
D:9:      layout_stronghold, gammafunk_temple_overflow_elements, serial_shops,
          nicolae_shop_rolling_square, grunt_potential, uniq_erica,
          uniq_jeremiah
D:10:     layout_stronghold, regret_index_temple_of_mockery, zombieorc2_lemuel,
          minmay_lindwurm_lava, uniq_maggie
D:11:     layout_gridville, david_lair_generic, serial_shops, shop, st_stairs_3,
          okawaru_altar_gauntlet_db
D:12:     layout_loops_cross, hellmonk_ghost_happy_afterlife,
          minmay_more_statues
D:13:     evilmike_iron_armoury, layout_basic, uniq_frances, uniq_jorgrun
D:14:     layout_gridville, lightli_vaults_fourway_checkpoint,
          nemelex_xobeh_ov_fountains_minmay
D:15:     hangedman_depths_entry_civil_slaughter, layout_cave_pools,
          fountainhead
Temple:   hellmonk_temple_two_chambers
Lair:1:   layout_regular_city, beast_lair_carwin_4
Lair:2:   layout_big_grid, minmay_swamp_entry_reptiles, lemuel_centaur_altar,
          serial_bayou_shore_a, lemuel_fruit_fields, uniq_amaemon
Lair:3:   layout_hall_layers, minmay_snake_entry_guardpost_small,
          nicolae_volcano_entry_hallway, grunt_megastairs_2
Lair:4:   layout_long_grid, nicolae_slime_entry_field_trip, beast_lair_carwin_5,
          uniq_urug
Lair:5:   cheibrodos_lair_end_hotspot, layout_cave_pods,
          minmay_lair_oklob_items, lemuel_oklob_altar
Swamp:1:  layout_basic_swamp, portal_ice_cave_entry_frozen_things,
          evilmike_swamp_ruin_house_3, infiniplex_staircase_pool
Swamp:2:  layout_falls_marsh, hangedman_swamp_pad,
          nicolae_swamp_decorative_isthmus
Swamp:3:  layout_basic_swamp, infiniplex_staircase_pool_2, swamp_pool_3
Swamp:4:  swamp_vile, layout_basic_swamp, swamp_pool_1_2, uniq_louise
Snake:1:  layout_basic, nicolae_snake_ghostly_warrior_ritual
Snake:2:  layout_onion_interference, serial_nicolae_subway,
          nicolae_sub_station_stone, nicolae_sub_station_crystal,
          nicolae_sub_station_metal
Snake:3:  layout_cave_pods
Snake:4:  minmay_snake_end_coiled, layout_cave_town, drop_trap,
          grunt_ministairs_15, st_stairs_2, nicolae_snake_salamander_fort
Slime:1:  layout_caves, cheibrodos_slime_lost_civilization_4
Slime:2:  layout_caves, cheibrodos_slime_lost_civilization_6
Slime:3:  layout_caves
Slime:4:  layout_caves
Slime:5:  slime_pit_nicolae_royal_road_to_ruin
Orc:1:    layout_caves, uniq_harold
Orc:2:    grunt_orc_gardens, layout_caves, grunt_orc_garden, grunt_orc_garden,
          grunt_orc_garden, grunt_orc_garden, gauntlet_entry_generic,
          uniq_donald, uniq_erolcha, uniq_saint_roka
Elf:1:    minmay_the_grid_square_5x5_3x3 [minmay_the_grid_square_5x5_inner_i,
          minmay_the_grid_square_5x5_two, minmay_the_grid_square_5x5_dogpile,
          minmay_the_grid_square_5x5_empty,
          minmay_the_grid_square_5x5_megaprize_hollow,
          minmay_the_grid_square_5x5_minivault,
          minmay_the_grid_square_5x5_inner_z,
          minmay_the_grid_square_5x5_checkered_sparse,
          minmay_the_grid_square_5x5_trominoes], layout_geoelf_diagonals,
          special_room [special_room_mythical_zoo],
          nicolae_elf_blasts_and_bolts, nicolae_elf_altarnating
Elf:2:    elven_hall_of_blades_hangedman_original [nicolae_blade_tridents],
          layout_loops_cross, moated_statue, st_stairs_10
Elf:3:    minmay_elf_hall_quartered_circle, layout_gridlike, serial_shops, shop,
          grunt_megastairs_3, uniq_roxanne
Vaults:1: st_greater_box_4, nicolae_vaults_alarming, vaults_mumra_hexcomb,
          nicolae_vaults_shrinking_rooms_1, v_misc_1, nicolae_vaults_cochlea,
          nicolae_vaults_little_squares_2, layout_vaults_chaotic_city,
          serial_shops, shop
Vaults:2: hangedman_vaults_maws, nicolae_vaults_hallways_thing,
          minmay_crypt_entry_simple_corners, v_misc_26,
          vaults_dpeg_emergency_exit, nicolae_vaults_heart-shaped_vault,
          nicolae_vaults_border_crossing, layout_vaults_omnigrid, uniq_margery
Vaults:3: vaults_room_large_hall, hangedman_vaults_hat,
          nicolae_vaults_shelves_hall, grunt_vaults_funnel, st_octagons_1,
          nicolae_vaults_shrinking_rooms_2, ontoclasm_vaults_fault,
          hangedman_vaults_unwind, nicolae_vaults_trapezoid_2, v_pattern_3,
          nicolae_vaults_house_1, nicolae_vaults_storage_closets_2,
          layout_vaults_big_cross, serial_shops, shop, uniq_nikola, uniq_mara,
          uniq_jory, uniq_norris
Vaults:4: nicolae_vaults_hexular_roomagon, v_misc_2,
          nicolae_vaults_offset_grid_hallway_1, v_misc_33, v_misc_22, v_rooms_2,
          ontoclasm_vaults_decontamination, nicolae_vaults_mitosis,
          nicolae_vaults_storage_closets_1, nicolae_vaults_asterisk,
          ontoclasm_vaults_idyll, layout_vaults_maze
Vaults:5
Crypt:1:  layout_regular_city, amcnicky_mini_rare_corridor_liquid
Crypt:2:  layout_chaotic_city, ebering_ghost_gozag, uniq_vv
Crypt:3:  evilmike_haunted_forest
Depths:1: layout_gridlike, ploomutoo_gammafunk_ghost_potion_laboratory,
          pan_entry, lightli_too_deep, serial_sigils_hangedman_scratch,
          fake_guardian_serpent_vault, firewood_loft
Depths:2: hourglass_vault, layout_basic, enter_ziggurat_e,
          trog_three_pillars_becter, rand_demon_pan_entry_1, abyss_entry,
          pf_hell_entry_great_geh, uniq_sojobo, uniq_bai_suzhen
Depths:3: cheibrodos_hall_of_evolution, layout_cave_pools, hell_entry,
          nicolae_abyss_entry_one_way_or_another, hangedman_eye_storm,
          minmay_shop_grove
Depths:4: grunt_x_marks_the_spot, layout_gridlike, grunt_hell_entry_dis_mu,
          kennysheep_doodads
Zot:1:    gammafunk_sealed_arena, layout_misc_corridors, zot_minivault_6
Zot:2:    hellmonk_crystal_mountain, layout_gridlike, zot_minivault_1
Zot:3:    layout_twisted_circle, basic_altar
Zot:4:    layout_cathedral_of_symmetry, gammafunk_ghost_crypt,
          regret_index_zotdec_barnacled_simple, hangedman_zot_decor_slant
Zot:5:    layout_misc_corridors

Skill      XL: |  1  2  3  4  5  6  7  8  9 10 11 12 13 14 15 16 17 18 19 20 21 22 23 24 25 26 27 |
---------------+----------------------------------------------------------------------------------+-----
Fighting       | 2 3 4 5 6 8 9 10 11 12 14 15 16 17 18 19 20 21 22 23 24 27 | 27.0
Maces & Flails | 4 6 8 12 | 12.4
Invocations    | 2 9 10 11 13 14 16 17 19 20 21 22 24 26 27 | 27.0
Shields        | 4 7 10 12 14 15 17 18 19 20 21 22 24 | 24.0
Axes           | 6 9 12 14 16 | 16.7
Armour         | 3 6 7 10 11 12 14 15 17 18 19 20 21 22 | 22.7
Evocations     | 5 7 9 10 | 10.0
Dodging        | 2 4 5 6 8 9 |  9.3
Throwing       | 4 6 |  6.0
Translocations | 2 5 6 7 9 10 12 | 12.2
Air Magic      | 5 8 9 10 | 10.0
Earth Magic    | 5 6 7 9 |  9.0
Spellcasting   | 4 6 |  6.0
Stealth        | |  0.6

Action                     |  1- 3 |  4- 6 |  7- 9 | 10-12 | 13-15 | 16-18 | 19-21 | 22-24 | 25-27 || total
---------------------------+-------+-------+-------+-------+-------+-------+-------+-------+-------++-------
  Melee: Club              |    21 |       |       |       |       |       |       |       |       ||    21
         Dagger            |   117 |    56 |       |       |       |       |       |       |       ||   173
         Flail             |       |    41 |   322 |   509 |       |       |       |       |       ||   872
         Spear             |       |       |     9 |     1 |       |       |       |       |       ||    10
         War axe           |       |       |       |   225 |  1375 |   683 |       |       |       ||  2283
         Demon whip        |       |       |       |       |    19 |       |       |       |       ||    19
         Broad axe         |       |       |       |       |       |  1120 |  2126 |  1936 |  2870 ||  8052
  Throw: Stone             |     6 |       |     1 |       |       |       |       |       |       ||     7
         Dart              |       |     5 |    21 |    35 |     1 |       |       |     1 |       ||    63
         Boomerang         |       |       |       |       |     3 |     2 |       |       |       ||     5
         Javelin           |       |       |       |       |       |       |     1 |     3 |    20 ||    24
   Cast: Passwall          |       |       |       |       |       |       |       |     1 |    12 ||    13
         Blink             |       |       |       |       |       |       |       |     1 |    29 ||    30
         Vhi's Electric Ch |       |       |       |       |       |       |       |     1 |    48 ||    49
         Apportation       |       |       |       |       |       |       |       |       |     1 ||     1
         Swiftness         |       |       |       |       |       |       |       |       |     1 ||     1
 Invoke: Upheaval          |       |       |     3 |     3 |    18 |    19 |    17 |     8 |    24 ||    92
         Elemental Force   |       |       |       |     3 |     1 |     5 |     5 |     1 |     2 ||    17
         Disaster Area     |       |       |       |       |     3 |       |     1 |     3 |     4 ||    11
  Evoke: Wand              |     6 |       |     2 |     4 |     8 |     3 |     1 |     1 |    10 ||    35
         Gell's gravitambo |       |       |     3 |       |     3 |       |     1 |       |       ||     7
         Lightning rod     |       |       |       |     1 |     4 |       |     3 |       |       ||     8
         Phantom mirror    |       |       |       |       |     2 |       |       |       |       ||     2
    Use: Scroll            |     7 |     1 |     3 |     7 |     9 |    10 |     4 |    10 |    17 ||    68
         Potion            |       |       |     3 |     1 |       |     1 |       |     6 |    13 ||    24
   Stab: Paralysed         |       |       |       |     3 |     1 |       |     4 |       |     6 ||    14
         Distracted        |       |       |       |       |       |       |     1 |     1 |     2 ||     4
         Invisible         |       |       |       |       |       |       |       |     1 |       ||     1
 Armour: Leather armour    |    32 |       |       |       |       |       |       |       |       ||    32
         Chain mail        |    58 |    70 |   286 |    68 |   180 |    83 |       |       |       ||   745
         Ring mail         |     6 |       |       |       |       |       |       |       |       ||     6
         Plate armour      |       |       |       |   313 |   398 |   922 |   791 |   609 |   602 ||  3635
         Acid dragon scale |       |       |       |       |     1 |       |       |       |       ||     1
         Scale mail        |       |       |       |       |   112 |       |       |       |       ||   112
         Gold dragon scale |       |       |       |       |       |       |       |       |   327 ||   327
         Skin              |       |       |       |       |       |       |       |       |     2 ||     2
  Dodge: Dodged            |    61 |    39 |   103 |   136 |   235 |   216 |   178 |   175 |   359 ||  1502
         Repelled          |       |       |       |     3 |    47 |    68 |   108 |    89 |   203 ||   518
  Block: Other             |       |       |    19 |     2 |       |     1 |       |       |       ||    22
         Kite shield       |       |       |       |   358 |  1138 |   940 |       |       |       ||  2436
         Tower shield      |       |       |       |       |       |   947 |  2056 |  2183 |  3084 ||  8270

Table legend: (Time is in decaauts)
 A = Elapsed time spent in this place.
 B = Non-inter-level travel time spent in this place.
 C = Inter-level travel time spent in this place.
 D = Time resting spent in this place.
 E = Time spent auto-exploring this place.
 F = Levels seen in this place.
 G = Mean time per level.
                   A        B        C        D        E       F      G
               +--------+--------+--------+--------+--------+-----+--------+
         Total |  94425 |  80005 |  14420 |  10408 |  25301 |  59 | 1600.4 |
       Dungeon |  25153 |  19664 |   5489 |   3290 |   6603 |  15 | 1676.9 |
        Temple |      1 |      1 |      0 |      0 |      0 |   1 |    1.0 |
          Lair |   8878 |   7103 |   1775 |   1237 |   2431 |   5 | 1775.6 |
         Swamp |   4550 |   4087 |    463 |    273 |   1179 |   4 | 1137.5 |
     Snake Pit |   5963 |   4958 |   1005 |    582 |   1504 |   4 | 1490.8 |
    Slime Pits |   2694 |   2502 |    192 |    167 |    926 |   5 |  538.8 |
  Orcish Mines |   2859 |   2311 |    548 |   1009 |    635 |   2 | 1429.5 |
   Elven Halls |   5504 |   4913 |    591 |    277 |   1585 |   3 | 1834.7 |
        Vaults |  11599 |   9288 |   2311 |   1184 |   3665 |   5 | 2319.8 |
         Crypt |   5352 |   4823 |    529 |     86 |   1039 |   3 | 1784.0 |
        Depths |   7204 |   6395 |    809 |    411 |   1837 |   4 | 1801.0 |
           Zot |  11908 |  11204 |    704 |   1195 |   3376 |   5 | 2381.6 |
        Bailey |    106 |    106 |      0 |     21 |      0 |   1 |  106.0 |
      Ice Cave |   1468 |   1468 |      0 |    332 |    206 |   1 | 1468.0 |
       Volcano |   1180 |   1180 |      0 |    341 |    314 |   1 | 1180.0 |
               +--------+--------+--------+--------+--------+-----+--------+

Top non-repeatable levels by time:
   Zot:5: 4349 daAuts
Vaults:1: 3905 daAuts
 Crypt:3: 3188 daAuts
    D:14: 2824 daAuts
    D:10: 2452 daAuts
 Snake:3: 2419 daAuts
Vaults:2: 2334 daAuts
   Zot:2: 2263 daAuts
    D:13: 2232 daAuts
   Elf:2: 2177 daAuts
  Lair:4: 2135 daAuts
     D:7: 1991 daAuts
  Lair:1: 1936 daAuts
Vaults:3: 1903 daAuts
     D:9: 1894 daAuts
